[Event "Live Chess"]
[Site "Chess.com"]
[Date "2023.05.21"]
[Round "-"]
[White "alanmike75"]
[Black "LutherSullivan"]
[Result "1-0"]
[WhiteElo "1566"]
[BlackElo "2106"]
[TimeControl "300"]
[EndTime "17:07:54 PDT"]
[Termination "alanmike75 won on time"]

1. e4 c5 2. Nf3 Nc6 3. Nc3 g6 4. Be2 Bg7 5. O-O e6 6. d3 d5 7. Bg5 Nge7 8. exd5 exd5 9. Re1 Be6 10. Bf1 h6 11.
Bf4 O-O 12. Qd2 Kh7 13. Ne5 Nxe5 14. Bxe5 Bxe5 15. Rxe5 Nc6 16. Ree1 Qf6 17. a3 Rae8 18. Rad1 a6 19. g3 Nd4 20. Bg2 Nf3+ 21. Bxf3 Qxf3 22.
Qe3 Qxe3 23. fxe3 Rd8 24. e4 d4 25. Ne2 Bg4 26. Rd2 Bxe2 27. Rdxe2 b5 28. Rf2 Kg7 29. Ref1 Rd6 30. g4 c4 31. h3 a5 32. Rf4 b4 33.
axb4 cxd3 34. cxd3 axb4 35. Rc1 Rd7 36. Rc4 Ra8 37. Rxb4 Ra2 38. Kf2 Rc7 39. Kf3 Rc2 40. e5 Raxb2 41. Rxb2 Rxb2 42. Rxd4 Rb5 43. Ke4 Ra5 44.
h4 Kf8 45. g5 hxg5 46. hxg5 Ke7 47. Rb4 Ra1 48. Rb7+ Ke6 49. Rb6+ Ke7 50. Rb7+ Ke6 51. Rb6+ Ke7 52. d4 Rg1 53. Kf4 Rf1+ 54. Ke4 Rg1 55.
d5 Rxg5 56. Rb7+ Ke8 57. d6 Rg1 58. Kd5 Kf8 59. e6 Rd1+ 60. Kc6 fxe6 61. Rb8+ Kf7 62. Rb7+ Kf6 63. Rb8 Rc1+ 64. Kd7 g5 65. Ke8 Rh1 66. Kd7 1-0

[Event "Live Chess"]
[Site "Chess.com"]
[Date "2023.05.21"]
[Round "-"]
[White "chessfiction"]
[Black "blowerd"]
[Result "1-0"]
[WhiteElo "2333"]
[BlackElo "1391"]
[TimeControl "300"]
[EndTime "17:08:08 PDT"]
[Termination "chessfiction won by checkmate"]

1. e4 e5 2. f4 exf4 3. Nf3 Be7 4. Bc4 Bh4+ 5. Kf1 Nc6 6. d4 b6 7. Bxf4 a5 8. Nc3 Ba6 9. Bxa6 Rxa6 10. d5 Nce7 11.
Nxh4 Ng6 12. Nxg6 fxg6 13. Qd3 Nf6 14. Qxa6 O-O 15. e5 Ng4 16. Qc4 Ne3+ 17. Ke2 Nxc4 18. Rhf1 Nxb2 19. Rae1 Nc4 20. Kd3 Qh4 21. g3 Qxh2 22.
Kxc4 Qxc2 23. a4 Qb2 24. e6 Qb4+ 25. Kd3 dxe6 26. dxe6 Rd8+ 27. Kc2 Qc4 28. e7 Qd3+ 29. Kb2 Re8 30. Bxc7 Qd2+ 31. Kb3 Qd7 32. Bd8 Qd6 33. Rf4 b5 34. axb5 Qc5 35. Ref1 a4+ 36. Kc2 a3 37. Rf8+ Rxf8 38. exf8=Q+ Qxf8 39. Rxf8+ Kxf8 40. b6 a2 41. Nxa2 Ke8 42. b7 Kxd8 43. b8=Q+ Kd7 44. Qa7+ Ke6 45. Qxg7 Kf5 46. Qxh7 Kg5 47. Qh4+ Kf5 48. Nc3 Ke5 49. Qg5+ Ke6 50. Qxg6+ Ke5 51. Qe4+ Kd6 52. g4 Kc5 53. g5 Kb6 54. g6 Kc5 55. g7 Kd6 56. g8=Q Kc7 57. Qf7+ Kd6 58. Qfe7# 1-0

[Event "Live Chess"]
[Site "Chess.com"]
[Date "2023.05.21"]
[Round "-"]
[White "KeithArkell"]
[Black "LiamBellwood"]
[Result "1-0"]
[WhiteElo "2607"]
[BlackElo "2057"]
[TimeControl "300"]
[EndTime "17:08:33 PDT"]
[Termination "KeithArkell won by resignation"]

1. d4 e6 2. Nf3 f5 3. g3 Nf6 4.
Bg2 Be7 5. O-O O-O 6. b3 d6 7.
c4 a5 8. Nc3 Ne4 9. Bb2 Nxc3 10. Bxc3 Qe8 11. Qd3 Qh5 12. e4 f4 13. e5 d5 14. c5 b6 15. Rfe1 Ba6 16. Qd1 Nd7 17. cxb6 cxb6 18. Bd2 fxg3 19. hxg3 Bd3 20. Rc1 Be4 21.
Nh4 Qxd1 22. Rexd1 Bxg2 23. Nxg2 Rac8 24. Nf4 Kf7 25.
Kg2 g5 26. Nd3 h6 27. g4 Rfd8 28. f4 gxf4 29. Bxf4 Bg5 30. Kg3 Nf8 31. Rf1 Ke7 32.
Rh1 Rxc1 33. Rxc1 Kd7 34. Bxg5 hxg5 35. Ne1 Ng6 36. Nf3 Nf4 37. Rc2 Rc8 38. Rxc8 Kxc8 39.
Nxg5 Ne2+ 40. Kh4 Nxd4 41. Kh5 Kd7 42. Kg6 Ke7 43. Kg7 b5 44. Kh6 a4 45. bxa4 bxa4 46. a3 Ne2 47. Nf3 d4 48. g5 Kf7 49. Kh7 Nf4 50. Nxd4 Ke7 51. g6 Nh3 52. g7 Ng5+ 53. Kg6 1-0

[Event "Live Chess"]
[Site "Chess.com"]
[Date "2023.05.21"]
[Round "-"]
[White "Cimon"]
[Black "elvenstar"]
[Result "0-1"]
[WhiteElo "1861"]
[BlackElo "1564"]
[TimeControl "300"]
[EndTime "17:09:19 PDT"]
[Termination "elvenstar won - game abandoned"]

1. Nf3 d5 2. d4 Nc6 3. Bf4 Bf5 4. c3 e6 5. h3 Nf6 6. e3 Be7 7. Nbd2 O-O 8. Nh4 Bg6 9. Nxg6 hxg6 10. Bd3 Bd6 11. g3 Ne7 12. g4 c5 13. Bg5 cxd4 14. cxd4 Qb6 15. b3 Bb4 16. O-O Bd6 17. Rc1 Rac8 18.
Qf3 Nh7 19. Bf4 Qb4 20. Bxd6 Qxd6 0-1

[Event "Live Chess"]
[Site "Chess.com"]
[Date "2023.05.21"]
[Round "-"]
[White "educatedlad"]
[Black "chessfiction"]
[Result "0-1"]
[WhiteElo "1627"]
[BlackElo "2333"]
[TimeControl "300"]
[EndTime "17:09:32 PDT"]
[Termination "chessfiction won by resignation"]

1. e4 e5 2. Nf3 d5 3. Nxe5 Bd6 4.
d4 dxe4 5. Nc3 Nf6 6. Bg5 O-O 7.
Nxe4 Bxe5 8. Nxf6+ Bxf6 9. Bxf6 Qxf6 10. c3 Nc6 11. Qc2 Bf5 12. Bd3 Rfe8+ 13. Kf1 Bxd3+ 14. Qxd3 Re7 15. Re1 Rae8 16. Rxe7 Qxe7 17. g3 Qe4 18. Qxe4 Rxe4 0-1

[Event "Live Chess"]
[Site "Chess.com"]
[Date "2023.05.21"]
[Round "-"]
[White "LutherSullivan"]
[Black "domrobson"]
[Result "1-0"]
[WhiteElo "2110"]
[BlackElo "1745"]
[TimeControl "300"]
[EndTime "17:09:39 PDT"]
[Termination "LutherSullivan won by resignation"]

1. d4 Nf6 2. Nc3 e6 3. e4 d5 4.
e5 Nfd7 5. f4 c5 6. Nf3 Nc6 7. Be3 a6 8. Qd2 Qb6 9. dxc5 Bxc5 10.
Bxc5 Qxc5 11. Bd3 d4 12. Ne4 Qb6 13. Nd6+ Ke7 14. O-O-O h6 15. g4 f6 16. Nh4 fxe5 17.
Nc4 Qb4 18. Ng6+ Kf7 19. Nxh8+ Kg8 1-0

[Event "Live Chess"]
[Site "Chess.com"]
[Date "2023.05.21"]
[Round "-"]
[White "Shepherds_Pie"]
[Black "CeladonFish"]
[Result "1-0"]
[WhiteElo "1912"]
[BlackElo "1110"]
[TimeControl "300"]
[EndTime "17:10:01 PDT"]
[Termination "Shepherds_Pie won by checkmate"]

1. c4 Nf6 2. Nc3 g6 3. g3 Bg7 4. Bg2 O-O 5. Nf3 d6 6. O-O Nc6 7. d3 Ne5 8. Rb1 Nxf3+ 9. Bxf3 Bd7 10. b4 Rb8 11. b5 c6 12. a4 cxb5 13. axb5 a6 14. Qc2 axb5 15. Nxb5 Bxb5 16. Rxb5 Qc7 17. Be3 Nd7 18. Rfb1 Nc5 19. Bxc5 dxc5 20. Rxb7 Rxb7 21. Rxb7 Qd6 22. Kg2 Rb8 23. Qb3 Rxb7 24. Qxb7 Bf6 25. h4 Kg7 26. Qe4 h6 27. h5 Qe5 28. hxg6 fxg6 29.
Qg4 Qg5 30. Qh3 Kf7 31. Bd5+ Kg7 32. Qe6 h5 33. Qf7+ Kh6 34. f4 Qg4 35. Bf3 Qf5 36. e4 Qd7 37. Qd5 Qc7 38. e5 Bg7 39. Qe4 Qa5 40.
Kh3 Qb6 41. f5 gxf5 42. Qxf5 Qg6 43. Qf4+ Qg5 44. Be4 Qxf4 45. gxf4 e6 46. Kh4 Bh8 47. Bf3 Bg7 48. Bxh5 Bh8 49. Bf7 Bg7 50. Bxe6 Bf8 51. Kg4 Be7 52. Kf5 Kg7 53. Bd5 Kf8 54. Ke4 Kg7 55. f5 Kh7 56. f6 Bxf6 57. exf6 Kh8 58. Kf5 Kh7 59. Ke6 Kg8 60. Ke7+ Kh7 61. f7 Kg7 62.
f8=Q+ Kg6 63. Qf6+ Kh5 64. Bf3# 1-0

[Event "Live Chess"]
[Site "Chess.com"]
[Date "2023.05.21"]
[Round "-"]
[White "LodeshChess"]
[Black "Hussamalhaidar"]
[Result "0-1"]
[WhiteElo "1119"]
[BlackElo "1070"]
[TimeControl "300"]
[EndTime "17:10:04 PDT"]
[Termination "Hussamalhaidar won by resignation"]

1. e4 Nc6 2. Nf3 e5 3. c3 Bc5 4.
d4 exd4 5. cxd4 Bb6 6. Bb5 d6 7. d5 a6 8. Ba4 Bd7 9. dxc6 bxc6 10. O-O Nf6 11. Nc3 O-O 12. Bg5 h6 13. Bxf6 Qxf6 14. Re1 Rae8 15. Qd2 g5 16. Nd5 cxd5 17. Bxd7 dxe4 18.
Bxe8 Rxe8 19. Qc3 Re5 20. Re2 exf3 21. Rxe5 dxe5 22. Qxf3 Qd6 23. Qa8+ Kg7 24. Qxa6 Bxf2+ 25. Kxf2 Qxa6 0-1

[Event "Live Chess"]
[Site "Chess.com"]
[Date "2023.05.21"]
[Round "-"]
[White "toog"]
[Black "GEMdzq"]
[Result "0-1"]
[WhiteElo "2568"]
[BlackElo "2257"]
[TimeControl "300"]
[EndTime "17:10:42 PDT"]
[Termination "GEMdzq won by resignation"]

1. e4 d6 2. d4 Nf6 3. Nc3 g6 4. f4 Bg7 5. Nf3 O-O 6. e5 Nfd7 7. Bc4 c5 8. e6 Nb6 9. exf7+ Kh8 10. Be2 cxd4 11.
Nxd4 e5 12. fxe5 dxe5 13. Nf3 Qxd1+ 14. Bxd1 Rxf7 15. Ng5 Rf8 16. Bf3 Nc6 17. O-O h6 18. Nge4 Nd4 19. Bd2 Nxc2 20. Rad1 Nd4 21. b3 Bf5 22. Nc5 Nxf3+ 23. Rxf3 Rfc8 24. N3e4 Bg4 25. Rdf1 Bxf3 26. Rxf3 Rf8 27. Rd3 Rad8 28. Rxd8 Rxd8 29. Nxb7 Rd4 30. Nbc5 Nd7 31. Nxd7 Rxe4 32. Bc3 Re2 33.
a4 e4 34. Bxg7+ Kxg7 35. Nc5 e3 36. b4 Rb2 37. Kf1 Rxb4 38. Ke2 Rc4 39. Nd3 Rxa4 40. Kxe3 Ra2 41. Nf2 a5 42. h4 a4 43. g4 a3 44. Nd3 Rh2 45. h5 Rh3+ 46. Kd4 a2 0-1

[Event "Live Chess"]
[Site "Chess.com"]
[Date "2023.05.21"]
[Round "-"]
[White "JohanKjeldahl"]
[Black "EdenHazard8"]
[Result "0-1"]
[WhiteElo "1863"]
[BlackElo "2006"]
[TimeControl "300"]
[EndTime "17:10:43 PDT"]
[Termination "EdenHazard8 won by resignation"]

1. c4 e5 2. Nc3 Nc6 3. e3 f5 4. Nge2 Nf6 5. d4 d6 6. g3 Be7 7. Bg2 O-O 8. O-O Qe8 9. b3 Qh5 10. Bb2 f4 11. exf4 Bh3 12. fxe5 Ng4 13. Nf4 Rxf4 14.
gxf4 Bxg2 15. Kxg2 Qxh2+ 16. Kf3 Qh3+ 17. Ke2 dxe5 18.
dxe5 Rd8 19. Nd5 Bc5 20. Qd3 Qh5 21. Qf3 Qf5 22. Rad1 Nh2 23. Ne7+ Bxe7 24. Rxd8+ Nxd8 25. Qd5+ Kf8 26. Rd1 Ne6 27. Qxb7 Nxf4+ 28. Ke1 Nd3+ 0-1

[Event "Live Chess"]
[Site "Chess.com"]
[Date "2023.05.21"]
[Round "-"]
[White "domrobson"]
[Black "educatedlad"]
[Result "0-1"]
[WhiteElo "1734"]
[BlackElo "1638"]
[TimeControl "300"]
[EndTime "17:10:58 PDT"]
[Termination "educatedlad won by resignation"]

1. d4 d5 2. c4 c6 3. Nc3 Nf6 4. Nf3 g6 5. Bf4 dxc4 6. a4 Nd5 7. Bg3 Qa5 8. Qc2 Bf5 9. e3 Bxc2 10. Bxb8 Nxc3 11.
Bxa7 Ne4+ 12. Ke2 Rxa7 0-1

[Event "Live Chess"]
[Site "Chess.com"]
[Date "2023.05.21"]
[Round "-"]
[White "luckywookie"]
[Black "raminguy"]
[Result "0-1"]
[WhiteElo "766"]
[BlackElo "1949"]
[TimeControl "300"]
[EndTime "17:11:03 PDT"]
[Termination "raminguy won by checkmate"]

1. e4 e6 2. Nf3 d5 3. e5 Nd7 4. d4 c5 5. c3 Ne7 6. Bb5 a6 7. Bxd7+ Bxd7 8. b3 Ng6 9. g3 Be7 10.
Ba3 cxd4 11. cxd4 Bxa3 12. Nxa3 Qa5+ 13. Qd2 Qxa3 14. O-O O-O 15. Ng5 h6 16. Nf3 Rac8 17.
Rae1 Bb5 18. h4 Bxf1 19. Rxf1 Rc7 20. g4 Rfc8 21. g5 Rc2 22. Qe3 R8c3 23. Qxc3 Rxc3 24.
gxh6 Rxf3 25. Kg2 Rf4 26. h5 Rxd4 27. hxg6 gxh6 28. gxf7+ Kxf7 29. Rh1 Qxa2 30. Rxh6 Qxb3 31. Rf6+ Ke7 32. f3 Rd2+ 33. Kg3 Qd1 34. Kg4 Qg1+ 35. Kf4 Rd4# 0-1

[Event "Live Chess"]
[Site "Chess.com"]
[Date "2023.05.21"]
[Round "-"]
[White "Missedidea"]
[Black "ClassyChameleon"]
[Result "0-1"]
[WhiteElo "1830"]
[BlackElo "1088"]
[TimeControl "300"]
[EndTime "17:11:13 PDT"]
[Termination "ClassyChameleon won on time"]

1. d4 d5 2. c4 e6 3. Nc3 c6 4. Nf3 Ne7 5. g3 g6 6. Bg2 Bg7 7. O-O O-O 8. Bf4 dxc4 9. Ne5 Qb6 10. Nxc4 Qb4 11. Qd3 b6 12. a3 Qb3 13. Nd2 Qxb2 14.
Rfb1 Qxa1 15. Rxa1 Nd7 16. e4 c5 17. d5 exd5 18.
Bd6 Ne5 19. Qc2 d4 20. Nb5 d3 21. Qc1 Be6 22. Bxe7 Rfe8 23. Bd6 Rad8 24. f4 Ng4 25. e5 Ne3 26. Nc7 Nxg2 27. Kxg2 Rc8 28. Nxe6 fxe6 29.
Qc4 a6 30. Qxd3 Rc6 31. Ne4 Rd8 0-1

[Event "Live Chess"]
[Site "Chess.com"]
[Date "2023.05.21"]
[Round "-"]
[White "DaveL5678"]
[Black "Jo1ts"]
[Result "0-1"]
[WhiteElo "997"]
[BlackElo "801"]
[TimeControl "300"]
[EndTime "17:11:33 PDT"]
[Termination "Jo1ts won on time"]

1. e4 d5 2. exd5 Qxd5 3. Nc3 Qd8 4. Nf3 Nf6 5. d3 Nc6 6. Bg5 e5 7. Qe2 Bd6 8. O-O-O h6 9. Bh4 g5 10. Bg3 Bg4 11.
h3 Bh5 12. Ne4 Qe7 13. Nxf6+ Qxf6 14. Qe3 O-O-O 15. Be2 Qe6 16. d4 Qxa2 17. Qb3 Qxb3 18. cxb3 Bb4 19. dxe5 Bxf3 20. Bxf3 Rxd1+ 21. Rxd1 Na5 22. Bg4+ Kb8 23. Kc2 h5 24. Bf5 h4 25. e6 fxe6 26. Bxe6 b6 27. Be5 Re8 28. Bf6 Rxe6 29. Bxg5 Re2+ 30.
Kd3 Rxf2 31. Bxh4 Rxg2 32. Rf1 Rxb2 33. Rf8+ Kb7 34. Bd8 Rxb3+ 35. Kc2 Rxh3 36. Rf7 Bd6 0-1

[Event "Live Chess"]
[Site "Chess.com"]
[Date "2023.05.21"]
[Round "-"]
[White "LiamClery2020"]
[Black "peter-785"]
[Result "0-1"]
[WhiteElo "2028"]
[BlackElo "1194"]
[TimeControl "300"]
[EndTime "17:11:41 PDT"]
[Termination "peter-785 won by checkmate"]

1. e4 c5 2. Nf3 d6 3. Bb5+ Nd7 4. Bxd7+ Bxd7 5. O-O e6 6. Re1 Nf6 7. c3 Be7 8. d4 cxd4 9. cxd4 O-O 10. Nc3 a6 11.
Be3 b5 12. a3 Rc8 13. Qd2 Ng4 14. Bf4 Qb6 15. h3 Nf6 16. e5 dxe5 17. Nxe5 Bc6 18. Nxc6 Rxc6 19. d5 Rxc3 20. Qxc3 Nxd5 21. Qf3 Bf6 22.
Rab1 Rc8 23. Rec1 Rd8 24. Rd1 Rc8 25. Be3 Qc7 26. Rbc1 Qb7 27. Rxc8+ Qxc8 28. Rc1 Qe8 29. Qe2 h6 30. Qc2 Nxe3 31. fxe3 g6 32. b4 Kg7 33.
Qb2 Bxb2 34. Rc7 Bxa3 35. Ra7 Qc8 36. Kh2 Bxb4 37. g3 Bd2 38. e4 Qb8 39. Rd7 Be3 40.
Kg2 Qa8 41. Kf3 Bc1 42. Rd3 Bb2 43. Re3 e5 44. Re2 Bd4 45. g4 b4 46. h4 Qb8 47. g5 hxg5 48. hxg5 b3 49. Re1 b2 50. Rb1 Qb3+ 51. Ke2 Qc2+ 52. Kf3 Qxb1 53. Kg4 Qc1 54.
Kf3 b1=Q 55. Kg3 Qe3+ 56. Kg4 Qbg1+ 57. Kh4 Qeg3# 0-1

[Event "Live Chess"]
[Site "Chess.com"]
[Date "2023.05.21"]
[Round "-"]
[White "jimwad"]
[Black "alanmike75"]
[Result "1-0"]
[WhiteElo "1254"]
[BlackElo "1552"]
[TimeControl "300"]
[EndTime "17:11:45 PDT"]
[Termination "jimwad won by resignation"]

1. c4 e5 2. g3 Nf6 3. Bg2 d5 4.
cxd5 Nxd5 5. Nc3 Be6 6. e4 Nxc3 7. bxc3 Nc6 8. Nf3 Bd6 9. O-O O-O 10. d4 Bd7 11. d5 Ne7 12. c4 c5 13. Rb1 b6 14.
Bg5 f6 15. Bd2 Qc8 16. Qe2 Bh3 17. Nh4 Bxg2 18. Kxg2 g5 19. Nf3 Ng6 20. h3 h6 21.
Nh2 Kg7 22. Ng4 f5 23. exf5 Qxf5 24. Ne3 Qf7 25. g4 Rae8 26. Nf5+ Kh7 27. Nxd6 Nf4+ 28. Bxf4 Qxf4 29. Nxe8 Rxe8 1-0

[Event "Live Chess"]
[Site "Chess.com"]
[Date "2023.05.21"]
[Round "-"]
[White "laminaaprod"]
[Black "Long1968"]
[Result "1-0"]
[WhiteElo "2227"]
[BlackElo "1130"]
[TimeControl "300"]
[EndTime "17:11:46 PDT"]
[Termination "laminaaprod won on time"]

1. e4 e6 2. Nf3 d5 3. exd5 exd5 4. d4 Nf6 5. Bd3 Bg4 6. O-O Be7 7. Re1 O-O 8. c3 Nbd7 9. Nbd2 c5 10. Nf1 Re8 11.
Bf4 Nh5 12. Bg3 Nxg3 13. Nxg3 Nf6 14. dxc5 Bxc5 15. Rxe8+ Qxe8 16. h3 Bh5 17. Nxh5 Nxh5 18. Qc2 Nf6 19. Rd1 Ne4 20. Re1 Bxf2+ 21. Qxf2 Nxf2 22.
Rxe8+ Rxe8 23. Kxf2 Kf8 24. Nd4 a6 25. Be2 b5 26.
Bf3 Rd8 27. Ke3 g6 28. Nc6 Rd6 29. Nb4 a5 30. Nxd5 f5 31. Kd4 1-0

[Event "Live Chess"]
[Site "Chess.com"]
[Date "2023.05.21"]
[Round "-"]
[White "Ed_Knox"]
[Black "NAZRIZ1977"]
[Result "1/2-1/2"]
[WhiteElo "1481"]
[BlackElo "1999"]
[TimeControl "300"]
[EndTime "17:11:51 PDT"]
[Termination "Game drawn by repetition"]

1. d4 Nf6 2. Bf4 d5 3. e3 g6 4. Nf3 Bg7 5. Nc3 O-O 6. Qd2 c5 7. dxc5 Nc6 8. O-O-O Bf5 9. Bd3 Bg4 10. Be2 Qa5 11.
Kb1 e6 12. h3 Bxf3 13. Bxf3 b6 14. Bd6 bxc5 15. Bxf8 Rxf8 16. Rhe1 Rb8 17. b3 Nb4 18. e4 d4 19. Na4 Nd7 20. a3 d3 21.
axb4 Rxb4 22. Qxd3 Qxa4 23. e5 Nxe5 24. Qd8+ Bf8 25.
Rxe5 Rxb3+ 26. cxb3 Qxb3+ 27. Kc1 Qc3+ 28. Kb1 Qb3+ 29.
Kc1 Qc3+ 30. Kb1 Qb3+ 1/2-1/2

[Event "Live Chess"]
[Site "Chess.com"]
[Date "2023.05.21"]
[Round "-"]
[White "Doge_Dandolo"]
[Black "Conradical12"]
[Result "0-1"]
[WhiteElo "1967"]
[BlackElo "1604"]
[TimeControl "300"]
[EndTime "17:11:56 PDT"]
[Termination "Conradical12 won by checkmate"]

1. Nf3 Nc6 2. e4 e5 3. Bc4 Nf6 4. Ng5 d5 5. exd5 Na5 6. Bb5+ c6 7. dxc6 bxc6 8. Qf3 Be7 9. Nc3 Bg4 10. Bxc6+ Nxc6 11. Qxc6+ Bd7 12. Qf3 O-O 13. d3 Ng4 14. h3 Nxf2 15. Nxh7 Nxh1 16. Nxf8 Bh4+ 17. Kd1 Qxf8 18. Ne4 f5 19. Nc3 Be6 20. Be3 e4 21. dxe4 Rd8+ 22. Kc1 Qd6 23. exf5 Bxf5 24. Qxf5 Nf2 25. a4 Qd1+ 26.
Nxd1 Rxd1# 0-1

[Event "Live Chess"]
[Site "Chess.com"]
[Date "2023.05.21"]
[Round "-"]
[White "AbilifyXL"]
[Black "flyingpuffins"]
[Result "0-1"]
[WhiteElo "1944"]
[BlackElo "1965"]
[TimeControl "300"]
[EndTime "17:11:58 PDT"]
[Termination "flyingpuffins won by resignation"]

1. d4 d5 2. c4 c6 3. Nc3 Nf6 4. cxd5 cxd5 5. Nf3 Nc6 6. Bg5 Ne4 7. Bf4 Qb6 8. Bc1 Nxc3 9. bxc3 Bf5 10. e3 e6 11. Bd3 Bg4 12. h3 Bh5 13. O-O Bd6 14. e4 dxe4 15. Bxe4 O-O 16. Be3 Qc7 17. c4 Ne7 18. c5 Bf4 19. Qd2 Bxe3 20. Qxe3 Rfd8 21. Rab1 Nd5 22. Bxd5 Rxd5 23. Rb4 Bxf3 24. Qxf3 Rad8 25. Qe3 g6 26. Rfb1 R8d7 27. a4 Qc6 28. a5 Qa6 29. h4 Qxa5 30. Rxb7 Rxd4 31. Rxd7 Rxd7 32. Qe5 Rd8 33. Rb8 Rxb8 34. Qxb8+ Kg7 35. Qe5+ Kh6 36. Qd6 Qe1+ 37. Kh2 a5 38. Qf4+ Kg7 39. c6 Qc3 40. c7 a4 41. Qd6 a3 42. f4 a2 43. Qe5+ Qxe5 44. fxe5 a1=Q 45. c8=Q Qxe5+ 46. Kg1 Qe1+ 47. Kh2 Qxh4+ 48. Kg1 Qd4+ 49. Kh2 Qd6+ 50. Kg1 Qd5 51. Qc3+ e5 52. Qc7 Qd4+ 53. Kh2 e4 54. Qe7 e3 55.
Kg3 h5 0-1

[Event "Live Chess"]
[Site "Chess.com"]
[Date "2023.05.21"]
[Round "-"]
[White "WelshTiger"]
[Black "SupremeTactician"]
[Result "1/2-1/2"]
[WhiteElo "2359"]
[BlackElo "2345"]
[TimeControl "300"]
[EndTime "17:12:01 PDT"]
[Termination "Game drawn by 50-move rule"]

1. e4 e5 2. Nf3 Nc6 3. d4 exd4 4. Bc4 Nf6 5. e5 d5 6. Bb5 Ne4 7. Nxd4 Bc5 8. Be3 O-O 9. Nxc6 bxc6 10. Bxc5 Nxc5 11.
Bxc6 Rb8 12. Qxd5 Qxd5 13. Bxd5 Rxb2 14. Na3 Re8 15. O-O-O Rb6 16. f4 Bg4 17. Rd4 Reb8 18. h3 Be6 19. Rhd1 Ra6 20. Bxe6 Nxe6 21. R4d3 g6 22.
g3 Nc5 23. Rc3 Ne4 24. Re3 Nf2 25. Rd7 Nxh3 26. Rxc7 Nf2 27. Nc4 Rxa2 28. Nd6 Ra1+ 29. Kd2 Ng4 30. Rb3 Rxb3 31. cxb3 Rg1 32. Rxf7 Rxg3 33.
b4 Nf2 34. Rxa7 h5 35. e6 Rd3+ 36. Ke2 Rxd6 37. e7 Re6+ 38. Kxf2 Kf7 39. Kg3 Rxe7 40. Ra3 Rb7 41. Rb3 Kf6 42. b5 Rb6 43. Rb4 Kf5 44. Kh4 Kf6 45. Kg3 Kf5 46. Kf3 Ke6 47. Ke4 Kd6 48. Kd4 Rb8 49. Rb3 Rf8 50.
Ke4 Kc7 51. Rg3 Rf6 52. Ke5 Rf5+ 53. Ke6 Rxf4 54. Rxg6 Rb4 55. Rg5 h4 56. Rh5 Kb6 57. Kd6 Rd4+ 58. Ke6 h3 59. Rxh3 Kxb5 60. Rc3 Rc4 61.
Rb3+ Rb4 62. Rd3 Rc4 63. Kd5 Kb4 64. Rd1 Rc2 65. Kd4 Kb5 66. Kd3 Rc7 67. Rb1+ Kc6 68. Kc4 Kd7+ 69. Kd5 Ra7 70. Rb5 Kc7 71. Rc5+ Kd7 72.
Rb5 Kc7 73. Rb1 Ra5+ 74. Kc4 Kd7 75. Rh1 Re5 76. Rh7+ Re7 77. Rh6 Re6 78. Rh5 Kd6 79. Kd4 Rg6 80. Rh4 Kc6 81. Re4 Kd6 82. Rh4 Kc6 83. Ke5 Rg5+ 84. Kf6 Rb5 85. Rh6 Rc5 86. Ke7+ Kb5 87. Kd6 Rc3 88. Kd5 Rd3+ 89. Ke4 Rd8 90. Rh5+ Kc4 91. Re5 Rd7 92. Re6 Rd8 93. Re5 Rf8 94. Rf5 Re8+ 95. Re5 Rd8 96. Re6 Rd7 97. Re5 Rh7 98. Re6 Kc3 99. Ke3 Rh1 100. Rc6+ Kb4 101. Kd3 Rd1+ 102. Ke2 Ra1 103. Re6 Kc5 104. Re4 Kd5 105. Re3 Ra2+ 106. Kf3 Kd4 107. Re4+ Kd5 108. Re3 Rh2 109. Rd3+ Kc4 1/2-1/2

[Event "Live Chess"]
[Site "Chess.com"]
[Date "2023.05.21"]
[Round "-"]
[White "Baturin_Yevgeniy"]
[Black "manthanit"]
[Result "1-0"]
[WhiteElo "1812"]
[BlackElo "1044"]
[TimeControl "300"]
[EndTime "17:12:28 PDT"]
[Termination "Baturin_Yevgeniy won by checkmate"]

1. d4 e6 2. Nf3 Nf6 3. Bg5 Be7 4. Nbd2 Nc6 5. e4 Nxe4 6. Nxe4 Bxg5 7. Nexg5 b6 8. Qd3 Bb7 9. Be2 Nxd4 10. Qxd4 O-O 11. Qd3 g6 12. Qd4 Rb8 13. Qh4 h5 14. g4 Bxf3 15.
Bxf3 Kg7 16. gxh5 Rh8 17. h6+ Kg8 18. h7+ Kg7 19. O-O-O d5 20. Qd4+ f6 21. Nxe6+ Kxh7 22. Nxd8 Rbxd8 23. Qxf6 Rhf8 24. Qh4+ Kg7 25. Bxd5 c6 26.
Be4 Rxd1+ 27. Rxd1 Rf6 28. Rd7+ Kg8 29. Qh7+ Kf8 30.
Qg7+ Ke8 31. Qe7# 1-0

[Event "Live Chess"]
[Site "Chess.com"]
[Date "2023.05.21"]
[Round "-"]
[White "GMHarry-youtube"]
[Black "KeithArkell"]
[Result "0-1"]
[WhiteElo "2035"]
[BlackElo "2608"]
[TimeControl "300"]
[EndTime "17:12:32 PDT"]
[Termination "KeithArkell won by resignation"]

1. e4 c6 2. d4 d5 3. exd5 cxd5 4. Nf3 Nf6 5. c3 Nc6 6. Bd3 Bg4 7. O-O e6 8. h3 Bxf3 9. Qxf3 a6 10. a4 Be7 11.
Bg5 O-O 12. Nd2 Ne8 13. Bxe7 Qxe7 14. Qe2 Nd6 15. f4 g6 16. Nf3 f5 17. Ne5 Ne4 18. Bxe4 dxe4 19. Qc4 Qd6 20. b4 Rac8 21. Qb3 Qd5 22.
Qxd5 exd5 23. Rac1 Nxe5 24. fxe5 Rc4 25. g4 f4 26. Kg2 g5 27. Rc2 Rfc8 28. Rfc1 Kf7 29.
Kf2 Kg6 30. Kg2 h5 31. a5 Rh8 32. Rh1 Rc6 33. c4 Rxc4 34. Rxc4 dxc4 35. d5 hxg4 36. Rc1 gxh3+ 37. Kh2 g4 38. Rxc4 g3+ 39. Kh1 h2 40. Rc2 f3 41. d6 g2+ 42. Rxg2+ fxg2+ 43. Kxg2 h1=Q+ 0-1

[Event "Live Chess"]
[Site "Chess.com"]
[Date "2023.05.21"]
[Round "-"]
[White "SupremeTactician"]
[Black "Conradical12"]
[Result "1-0"]
[WhiteElo "2345"]
[BlackElo "1604"]
[TimeControl "300"]
[EndTime "17:12:37 PDT"]
[Termination "SupremeTactician won by resignation"]

1. e4 e5 2. Nf3 Nc6 3. Nc3 Nf6 4. Bb5 Bc5 5. O-O O-O 6. Nxe5 d6 7.
Nxc6 bxc6 8. Bxc6 Rb8 9. d4 Qe7 10. Bg5 Qxe4 11. Nxe4 1-0

[Event "Live Chess"]
[Site "Chess.com"]
[Date "2023.05.21"]
[Round "-"]
[White "LanceMaster23"]
[Black "Tushinskiy"]
[Result "1/2-1/2"]
[WhiteElo "1884"]
[BlackElo "2169"]
[TimeControl "300"]
[EndTime "17:12:44 PDT"]
[Termination "Game drawn by repetition"]

1. Nf3 d5 2. d4 c6 3. Bf4 Nf6 4. e3 e6 5. h3 Bd6 6. Bxd6 Qxd6 7.
Nbd2 Nbd7 8. c3 O-O 9. Qc2 e5 10.
dxe5 Nxe5 11. Be2 Re8 12. Rd1 Nxf3+ 13. Bxf3 Be6 14. O-O Rad8 15. Rfe1 Qc7 16. Nb3 b6 17. Nd4 c5 18. Nxe6 fxe6 19. c4 d4 20. exd4 cxd4 21.
b4 e5 22. Be4 g6 23. Bd3 Kg7 24. Re2 Re7 25. Rde1 Rde8 26. f3 Nh5 27. Re4 Qd6 28.
c5 bxc5 29. bxc5 Qf6 30. Qb3 Nf4 31. Bf1 Qg5 32. Kh2 Qf6 33. Qc4 h5 34. g3 Ne6 35.
Rxe5 Qxf3 36. Rxe6 Rxe6 37. Rxe6 Rxe6 38. Qxe6 Qxf1 39. Qe5+ Kh7 40. Qxd4 Qe2+ 41. Kg1 Qxa2 42. Qd7+ Kh6 43. c6 Qb1+ 44. Kg2 Qe4+ 45. Kg1 Qe1+ 46.
Kg2 Qe2+ 47. Kg1 Qe1+ 48. Kg2 Qe2+ 49. Kg1 Qe1+ 1/2-1/2

[Event "Live Chess"]
[Site "Chess.com"]
[Date "2023.05.21"]
[Round "-"]
[White "nigelst"]
[Black "Biranidun"]
[Result "1/2-1/2"]
[WhiteElo "1805"]
[BlackElo "2635"]
[TimeControl "300"]
[EndTime "17:12:46 PDT"]
[Termination "Game drawn by repetition"]

1. e4 c5 2. Nf3 d6 3. Bb5+ Nd7 4. Ba4 Nf6 5. Qe2 a6 6. c3 b5 7. Bc2 Bb7 8. O-O e6 9. d4 Be7 10. Bg5 h6 11. Bh4 Qc7 12. Bg3 Nh5 13. Nbd2 Nxg3 14. hxg3 cxd4 15. Nxd4 O-O 16. Qd3 Ne5 17. Qe2 Rac8 18. f4 Nc4 19. Nxc4 Qxc4 20. Qf2 Qc5 21. f5 e5 22. Nf3 b4 23. Qxc5 Rxc5 24. Bd3 bxc3 25.
bxc3 Rxc3 26. Rfd1 Rfc8 27. Rab1 R8c7 28. g4 f6 29. Nh4 d5 30. exd5 Bc5+ 31. Kh2 Bxd5 32. Bxa6 Bd4 33. Rb8+ Kh7 34. Ng6 Bg8 35. Nf8+ Kh8 36. Ng6+ Kh7 37. Nf8+ Kh8 38. Ng6+ Kh7 1/2-1/2

[Event "Live Chess"]
[Site "Chess.com"]
[Date "2023.05.21"]
[Round "-"]
[White "stevochess11"]
[Black "therealab0ne"]
[Result "1-0"]
[WhiteElo "1794"]
[BlackElo "708"]
[TimeControl "300"]
[EndTime "17:12:57 PDT"]
[Termination "stevochess11 won by resignation"]

1. d4 d5 2. Nf3 e6 3. e3 Nf6 4. Bd3 Nc6 5. c3 b6 6. Ne5 Nxe5 7. dxe5 Nd7 8. f4 f6 9. Qg4 Nc5 10. Bc2 f5 11. Qh5+ g6 12. Qf3 Bb7 13. O-O Bg7 14.
b4 Nd7 15. Nd2 Bxe5 16. fxe5 Nxe5 17. Qg3 Qd6 18. Nb3 O-O-O 19. Nd4 a6 20. a4 Ng4 21.
Qxd6 Rxd6 22. Bd1 Rf8 23. Bxg4 1-0